 Dungeon Crawl Stone Soup version 0.31.0-32-g396128a36d (webtiles) character file.

Game seed: 11019238949356007015

51 rvierbuc the Conjurer (level 3, -2/21 HPs)
             Began as an Octopode Conjurer on Mar 31, 2024.
             Slain by Sigmund
             ... wielding a +0 scythe
              (7 damage)
             ... on level 2 of the Dungeon.
             The game lasted 00:03:39 (1600 turns).

rvierbuc the Conjurer (Octopode Conjurer)           Turns: 1600, Time: 00:03:40

Health: -2/21      AC:  1    Str:  6    XL:     3   Next: 81%
Magic:  6/6        EV: 13    Int: 22    God:
Gold:   125        SH:  0    Dex: 10    Spells: 3/6 levels left

rFire   . . .        (no weapon)
rCold   . . .        (no shield)
rNeg    . . .        (helmet restricted)
rPois   .            (no amulet)
rElec   .            (no ring)
rCorr   .            (no ring)
SInv    .            (no ring)
Will    .....        (no ring)
Stlth   +++          (no ring)
HPRegen 0.23/turn    (no ring)
MPRegen 0.10/turn    (no ring)
                     (no ring)

%: no passive effects
@: no status effects
A: almost no armour, amphibious, 8 rings, camouflage 1, gelatinous body 1,
(nimble swimmer 1), tentacles
a: no special abilities


You were on level 2 of the Dungeon.
You visited 1 branch of the dungeon, and saw 2 of its levels.

You collected 125 gold pieces.

Inventory:

Scrolls
 c - 2 scrolls of teleportation {unknown}
 d - a scroll of fog {unknown}
 e - 2 scrolls of revelation {unknown}
 h - a scroll of noise {unknown}
 j - a scroll of amnesia {unknown}
 k - a scroll of identify {unknown}
 l - a scroll of torment {unknown}
Potions
 a - a potion of magic
 b - a potion of invisibility {unknown}
 f - a potion of curing {unknown}
 g - 2 potions of attraction {unknown}
 i - a potion of enlightenment {unknown}


   Skills:
 + Level 2.0 Dodging
 + Level 2.9 Stealth
 + Level 2.4 Spellcasting
 + Level 5.0 Conjurations


You had 3 spell levels left.
You knew the following spells:

 Your Spells              Type           Power      Damage    Failure   Level
a - Magic Dart            Conj           96%        1d7       1%          1
b - Searing Ray           Conj           48%        2d6       2%          2

Your spell library contained the following spells:

 Spells                   Type           Power      Damage    Failure   Level
 Fulminant Prism          Conj/Alch      6%         3d7       43%         4
 Iskenderun's Mystic Bla  Conj/Tloc      13%        2d5       43%         4


Dungeon Overview and Level Annotations

Branches:
Dungeon (2/15)

Altars:

Annotations:
D:2 Sigmund


Innate Abilities, Weirdness & Mutations

You cannot wear most types of armour.
You are amphibious.
You can wear up to eight rings at the same time.
Your skin changes colour to match your surroundings (Stealth+).
Your rubbery body absorbs attacks. (AC +1, EV +1)
((You are camouflaged when in or above water. (Stealth+)))
You have tentacles for arms and can constrict up to eight enemies at once.


Message History

You climb upwards.
There is a stone staircase leading down here.
HP restored.
Magic restored.
Done exploring.
You start memorising the spell.
You continue memorising. x2
You finish memorising.
Spell assigned to 'b'.
You can't go up here!
You climb downwards.
Level annotation: Sigmund Sigmund gestures at you while chanting.
You are confused.
There is a stone staircase leading up here.
You're too confused to cast spells.
In your confused state, you trip and fall back down the stairs.
HP restored.
You climb upwards.
There is a stone staircase leading down here.
You start waiting.
You feel less confused.
You climb downwards.
Level annotation: Sigmund Sigmund points at you and mumbles some strange words.
You are confused.
Sigmund barely misses you.
There is a stone staircase leading up here.
You're too confused to cast spells.
You bump into the rock wall.
Sigmund gestures at you while chanting. The magic dart hits you!
In your confused state, you trip and fall back down the stairs.
Sigmund hits you from afar with a +0 scythe.
* * * LOW HITPOINT WARNING * * *
Sigmund misses you.
In your confused state, you trip and fall back down the stairs.
* * * LOW HITPOINT WARNING * * *
You feel less confused.
Sigmund hits you from afar with a +0 scythe!
You die...
Sigmund begins carving another notch in his scythe.

#.####.#..............
#..##..........###.#..
#...#..##......#.###.#
#...#..###.....#......
#...#..##........###.#
#...#..###...#..## #.#
#...#........#..# #.#
#...#..#####.#..# #.#
#...#@.@..†..#..# #.#
#...#.#####..#..## #.#
#................###.#
###................#.#
#...#.#........#.#.#
#..........#.@B..#.#
#...#.#.##.#.....#.#
##.#....##.#........
#................###


You could see Sigmund.

Vanquished Creatures
  2 adders (D:2)
  A dart slug (D:1)
  4 endoplasms (D:1)
  A giant cockroach (D:2)
  5 goblins
  2 jackals (D:1)
  A kobold (D:1)
  A quokka (D:1)
  5 ball pythons
  5 frilled lizards
  4 rats (D:1)
31 creatures vanquished.

Notes
Turn   | Place    | Note
-------+----------+-------------------------------------------
     0 | D:1      | rvierbuc the Octopode Conjurer began the quest for the Orb.
     0 | D:1      | Reached XP level 1. HP: 11/11 MP: 3/3
   217 | D:1      | Reached XP level 2. HP: 11/17 MP: 1/5
   970 | D:1      | Reached XP level 3. HP: 21/21 MP: 4/6
  1471 | D:2      | Noticed Sigmund
  1478 | D:2      | Reached skill level 5 in Conjurations
  1585 | D:1      | Learned a level 2 spell: Searing Ray
  1600 | D:2      | Slain by Sigmund

Illustrated notes

Levels and vault maps discovered:
D:1:      onia_arrival_handbag, layout_basic, minmay_misc_feat_rows,
          nicolae_figureground_pulse
D:2:      layout_basic, uniq_sigmund, uniq_robin

Skill      XL: |  1  2  3 |
---------------+----------+-----
Conjurations   | 5 |  5.0
Dodging        | |  2.0
Stealth        | |  2.9
Spellcasting   | |  2.4

Action                     || total
---------------------------++-------
  Melee: Unarmed           ||     7
         Constrict         ||     1
   Cast: Magic Dart        ||    64
 Armour: Skin              ||     8
  Dodge: Dodged            ||     6
